AoeStats
← kkkg

QS Arena

503134047Analyzed
1v1 RM · 1mo ago on Aug 30, 2026· 39m 42s· 2 players
Game mode
Random Map
Map size
Tiny (2 player)
Population
200
Speed
Normal
Resources
Standard
Victory
Conquest
Starting age
Dark Age
Ending age
Imperial Age
RankedLock teamsTeams togetherTeam positionsShared explorationLock speedFull tech treeHidden civsTurbo modeCheats
Victory
Defeat
🇹🇼 Celts · Taiwan
965
+15
🇨🇳 Vietnamese · China
945
-15
kkkg
8:58 Feudal Age
10:33 Horse Collar
10:40 Double-Bit Axe
13:29 Castle Age
13:06 Gold Mining
15:15 Bow Saw
15:09 Heavy Plow
23:23 Wheelbarrow
22:54 Fletching
23:00 Stone Mining
24:03 Hand Cart
23:51 Treadmill Crane
24:33 Ballistics
25:02 Stone Shaft Mining
25:57 Bodkin Arrow
26:03 Padded Archer Armor
26:17 Forging
26:13 Scale Barding Armor
28:03 Husbandry
28:13 Bloodlines
28:23 Leather Archer Armor
31:07 Imperial Age
29:13 Chatras
30:19 Chain Barding Armor
30:36 Iron Casting
31:52 Thumb Ring
33:31 Two-Man Saw
33:05 Crop Rotation
33:47 Bracer
34:18 Ring Archer Armor
34:24 Plate Barding Armor
34:55 Paper Money
34:13 Elite Skirmisher
34:43 Elite Battle Elephant
36:22 Cavalier
38:08 Paper Money
38:59 Light Cavalry
新竹水梨王
0:57 Loom
10:18 Feudal Age
12:28 Wheelbarrow
12:50 Forging
12:56 Double-Bit Axe
13:16 Scale Mail Armor
15:38 Castle Age
14:21 Horse Collar
14:48 Gold Mining
14:59 Stone Mining
15:48 Pikeman
20:52 Iron Casting
23:22 Chain Mail Armor
25:17 Hand Cart
27:51 Fletching
29:11 Gold Shaft Mining
29:12 Stone Shaft Mining
31:43 Imperial Age
29:01 Town Watch
33:42 Chemistry
32:17 Halberdier
33:45 Plate Mail Armor
35:22 Ballistics
36:08 Blast Furnace
35:04 Bodkin Arrow
36:39 Furor Celtica
35:58 Heavy Scorpion
37:53 Bow Saw
37:44 Capped Ram
39:08 Elite Woad Raider
Connection lost

Rejoining the realm…

Still unreachable

The connection could not be restored.

Session expired

The server has moved on; the page needs a fresh start.